[Event "Titled Tuesday Blitz April 19 Early 2022"]
[White "Weishaeutel, Moritz"]
[Black "Pacheco Lugo, Alejandro Jose"]
[WhiteFideId "12967300"]
[BlackFideId "3903745"]
[WhiteElo "2002"]
[BlackElo "2146"]
[Result "0-1"]
[Round "06"]
[TimeControl "180+1"]
[Date "2022.04.19"]
[WhiteClock "0:00:03"]
[BlackClock "0:00:57"]

1. e4 c5 2. b4 cxb4 3. a3 bxa3 4. d4 d6 5. Nxa3 g6 6. Bd3 Bg7 7. Ne2 Nf6 8. O-O O-O 9. c3 Nc6 10. f4 e5 11. fxe5 dxe5 12. d5 Na5 13. Rb1 b6 14. Be3 Ne8 15. Qd2 Nd6 16. c4 Nab7 17. Nb5 f5 18. Nxd6 Qxd6 19. Nc3 Bd7 20. Qc2 f4 21. Bf2 g5 22. Nb5 Bxb5 23. Rxb5 Rfc8 24. Be2 Nc5 25. Bg4 Rc7 26. Rfb1 Bf6 27. Bf5 Rb8 28. Qa2 Nd3 29. c5 Nxc5 30. Bxc5 Rxc5 31. Qxa7 Be7 32. Rxb6 Rxb6 33. Qxb6 Qxb6 34. Rxb6 Rc1+ 35. Kf2 Bc5+ 36. Kf3 Bxb6 37. d6 Rd1 38. d7 Kg7 39. Kg4 h6 40. g3 Rg1 41. Kf3 Kf6 42. gxf4 gxf4 43. h4 h5 44. Ke2 Rh1 45. Kf3 Rxh4 46. Kg2 Rg4+ 47. Kh3 Rg5 48. Bh7 f3 49. Kh4 f2 50. d8=Q+ Bxd8 51. Bf5 f1=Q 52. Bg4 Rxg4+ 53. Kxh5 Qh3# 0-1


[Site "https://www.chess.com"]

[Event "Titled Tuesday Blitz April 19 Early 2022"]
[White "Wieczorek, Oskar"]
[Black "Nogerbek, Kazybek"]
[WhiteFideId "1133950"]
[BlackFideId "13710427"]
[WhiteElo "2319"]
[BlackElo "2466"]
[Result "0-1"]
[Round "06"]
[TimeControl "180+1"]
[Date "2022.04.19"]
[WhiteClock "0:00:14"]
[BlackClock "0:00:05"]

1. e4 e5 2. Nf3 Nc6 3. Nc3 Nf6 4. a3 g6 5. Bc4 Bg7 6. d3 O-O 7. O-O h6 8. Re1 d6 9. h3 Be6 10. Bxe6 fxe6 11. Ne2 Nh5 12. Nh2 Qh4 13. Ng4 Nf6 14. Nh2 Nh5 15. Rf1 Rf7 16. c3 Raf8 17. Be3 Nf4 18. Bxf4 exf4 19. Nf3 Qh5 20. Qb3 Nd8 21. d4 g5 22. Rfe1 Qg6 23. Nh2 h5 24. f3 c5 25. dxc5 dxc5 26. Rad1 Nc6 27. Nc1 Ne5 28. Nd3 c4 29. Nxe5 Bxe5 30. Qxc4 Qf6 31. Rd3 Bc7 32. e5 Qh6 33. Red1 Bxe5 34. Rd7 Qg6 35. Qd3 Qf6 36. Rxf7 Rxf7 37. Qd8+ Kg7 38. Qxf6+ Kxf6 39. Nf1 Kf5 40. Nd2 Rd7 41. Kf1 g4 42. hxg4+ hxg4 43. Ke2 gxf3+ 44. gxf3 Rh7 45. Rf1 Bc7 46. Ne4 Bb6 47. b4 Rh2+ 48. Kd3 Ke5 49. a4 Be3 50. a5 b6 51. axb6 axb6 52. Ra1 Rh3 53. Rf1 Rh2 54. Kc4 Rh3 55. Kd3 Kd5 56. c4+ Ke5 57. c5 bxc5 58. b5 Rh2 59. Kc4 Rc2+ 60. Kd3 Rb2 61. Rh1 Rb3+ 62. Kc4 Rb4+ 63. Kc3 Kd5 64. Rh5+ e5 65. Rh6 Bd4+ 66. Kd3 Rb3+ 67. Kc2 Rb2+ 68. Kd3 c4# 0-1


[Site "https://www.chess.com"]

[Event "Titled Tuesday Blitz April 19 Early 2022"]
[White "Winkels, Marcel"]
[Black "Demin, Vladimir"]
[WhiteFideId "1003887"]
[BlackFideId "4167457"]
[WhiteElo "1900"]
[BlackElo "2384"]
[Result "0-1"]
[Round "06"]
[TimeControl "180+1"]
[Date "2022.04.19"]
[WhiteClock "0:00:01"]
[BlackClock "0:00:20"]

1. d4 Nf6 2. Nc3 d5 3. Bf4 a6 4. e3 e6 5. Nf3 Bb4 6. Bd3 O-O 7. g4 b5 8. g5 Ne4 9. Bxe4 dxe4 10. Ne5 Bb7 11. Rg1 Nd7 12. Qh5 c5 13. Rg3 cxd4 14. exd4 e3 15. Rh3 Be4 16. O-O-O Bxc3 17. bxc3 Nxe5 18. Bxe5 exf2 19. Rf1 Qa5 20. Kb2 Rac8 21. Rxf2 b4 22. cxb4 Qxb4+ 23. Rb3 Qc4 24. Qe2 Qxe2 25. Rxe2 Bd5 26. Rb6 a5 27. c3 Rc4 28. Rc2 Rfc8 29. a3 Be4 30. Rc1 Bd5 31. Rb8 Rxb8+ 32. Bxb8 f6 33. gxf6 gxf6 34. Bd6 Rc8 35. Rg1+ Kf7 36. Bf4 Bc4 37. Re1 a4 38. Ka1 Rg8 0-1


[Site "https://www.chess.com"]

[Event "Titled Tuesday Blitz April 19 Early 2022"]
[White "Yang, Kaiqi"]
[Black "Samarth, J Rao"]
[WhiteFideId "8604398"]
[BlackFideId "46652370"]
[WhiteElo "2373"]
[BlackElo "1514"]
[Result "0-1"]
[Round "06"]
[TimeControl "180+1"]
[Date "2022.04.19"]
[WhiteClock "0:00:01"]
[BlackClock "0:00:29"]

1. e4 c5 2. Nc3 a6 3. g3 d6 4. Bg2 g6 5. d3 Bg7 6. Be3 Nf6 7. h3 Nc6 8. Qd2 Nd4 9. Nge2 Nxe2 10. Nxe2 Nd7 11. c3 Rb8 12. Bh6 Bf6 13. O-O b5 14. f4 Bb7 15. d4 cxd4 16. cxd4 e5 17. fxe5 dxe5 18. d5 Qb6+ 19. Kh2 Rc8 20. h4 Qd6 21. Rf2 Ke7 22. Raf1 Rc4 23. b3 Rcc8 24. Bh3 Nc5 25. Rxf6 Nxe4 26. Rxd6 Nxd2 27. Rff6 Ne4 28. Rb6 Bxd5 29. Bxc8 Rxc8 30. Bg5 Rc2 31. Rfd6+ Nxg5 32. Rxd5 Rxe2+ 33. Kg1 Nf3+ 34. Kf1 Rxa2 35. Rd3 e4 36. Re3 f5 37. b4 Nd2+ 38. Kg1 Nc4 39. Rb7+ Kf6 40. Re1 Ne5 41. Rd1 Nf3+ 42. Kf1 Nd2+ 43. Ke2 Nc4+ 44. Ke1 h5 45. Rd8 e3 46. Rf8+ Ke5 47. Rd7 Ke4 48. Re8+ Kf3 49. Kd1 e2+ 50. Kc1 e1=Q+ 0-1


[Site "https://www.chess.com"]

[Event "Titled Tuesday Blitz April 19 Early 2022"]
[White "Zakhartsov, Vladimir"]
[Black "Hasangatin, Ramil"]
[WhiteFideId "4145097"]
[BlackFideId "4122160"]
[WhiteElo "2491"]
[BlackElo "2375"]
[Result "1-0"]
[Round "06"]
[TimeControl "180+1"]
[Date "2022.04.19"]
[WhiteClock "0:00:10"]
[BlackClock "0:00:01"]

1. d4 Nf6 2. c4 d6 3. Nc3 e5 4. Nf3 e4 5. Nd2 Qe7 6. Qc2 Bf5 7. f3 Nc6 8. e3 Nxd4 9. Qa4+ Bd7 10. Qd1 exf3 11. Nxf3 Nxf3+ 12. gxf3 Nh5 13. Qe2 Qh4+ 14. Qf2 Be7 15. Nd5 Qxf2+ 16. Kxf2 Bh4+ 17. Kg2 O-O-O 18. e4 c6 19. Nc3 f5 20. Bd3 Rhf8 21. Rd1 Kc7 22. Be3 fxe4 23. Bxe4 Nf4+ 24. Kh1 Bg5 25. Bxa7 b6 26. Na4 Ra8 27. Bxb6+ Kb7 28. Rxd6 Rxa4 29. Bd4 Rf7 30. b3 Ra8 31. b4 Ne6 32. Be5 Bf4 33. Bxf4 Nxf4 34. b5 Kc7 35. Rad1 Rxa2 36. Bxc6 Bh3 37. R6d2 Rxd2 38. Rxd2 Re7 39. Kg1 Kb6 40. Be4 Kc5 41. Rd8 g5 42. Kf2 Kxc4 43. b6 Bf5 44. b7 Nh3+ 45. Kg3 1-0


[Site "https://www.chess.com"]

[Event "Titled Tuesday Blitz April 19 Early 2022"]
[White "Zaksaite, Salomeja"]
[Black "Czerw, Dawid"]
[WhiteFideId "12801496"]
[BlackFideId "1145746"]
[WhiteElo "1953"]
[BlackElo "2125"]
[Result "1-0"]
[Round "06"]
[TimeControl "180+1"]
[Date "2022.04.19"]
[WhiteClock "0:00:14"]
[BlackClock "0:00:16"]

1. e4 c6 2. d4 d5 3. exd5 cxd5 4. Bd3 Nf6 5. c3 Nc6 6. h3 g6 7. Nf3 Bf5 8. Be2 Bg7 9. O-O h5 10. Bf4 Qd7 11. Nbd2 Ne4 12. Re1 f6 13. Bh2 g5 14. Nxe4 Bxe4 15. Nd2 Bg6 16. f4 O-O-O 17. b4 e6 18. a4 Ne7 19. Nb3 Nf5 20. Nc5 Qf7 21. Bd3 Rhe8 22. a5 gxf4 23. Bxf4 e5 24. dxe5 fxe5 25. Bg5 e4 26. Bb5 Kb8 27. Bxe8 Rxe8 28. Ra3 e3 29. a6 b6 30. Nd3 d4 31. cxd4 Bxd4 32. Qf3 Nd6 33. Bf4 Rd8 34. Ne5 Bxe5 35. Bxe5 Bf5 36. Raxe3 Qc7 37. Bxd6 1-0


[Site "https://www.chess.com"]

[Event "Titled Tuesday Blitz April 19 Early 2022"]
[White "Zemerov, Vladimir"]
[Black "Sanchez Alvares, Kelvin Antonio"]
[WhiteFideId "4111583"]
[BlackFideId "3906680"]
[WhiteElo "2277"]
[BlackElo "2193"]
[Result "0-1"]
[Round "06"]
[TimeControl "180+1"]
[Date "2022.04.19"]
[WhiteClock "0:00:01"]
[BlackClock "0:00:17"]

1. d4 Nf6 2. c4 e6 3. Nc3 Bb4 4. Bd2 O-O 5. g3 d5 6. cxd5 exd5 7. Bg2 c6 8. Nf3 Bg4 9. O-O Nbd7 10. h3 Bh5 11. g4 Bg6 12. Nh4 Bxc3 13. bxc3 Re8 14. Nxg6 hxg6 15. f3 Nb6 16. e3 Nc4 17. Re1 Qd6 18. e4 dxe4 19. fxe4 Qg3 20. e5 Nd5 21. Qe2 Nxd2 22. Qxd2 Qxc3 23. Qxc3 Nxc3 24. Re3 Nb5 25. d5 cxd5 26. Bxd5 Re7 27. Rb1 a6 28. a4 Nd6 29. Rb6 Ne8 30. Rxb7 Rxb7 31. Bxb7 Ra7 32. Bd5 Nc7 33. Bc4 Kf8 34. e6 f6 35. e7+ Ke8 36. g5 f5 37. h4 Ra8 38. Re5 Kd7 0-1


[Site "https://www.chess.com"]

[Event "Titled Tuesday Blitz April 19 Early 2022"]
[White "Zemlyanskii, Ivan"]
[Black "Zanette, Edgard Vinicius"]
[WhiteFideId "24249971"]
[BlackFideId "2109263"]
[WhiteElo "1759"]
[BlackElo "2182"]
[Result "1-0"]
[Round "06"]
[TimeControl "180+1"]
[Date "2022.04.19"]
[WhiteClock "0:00:41"]
[BlackClock "0:00:02"]

1. d4 Nf6 2. c4 c5 3. d5 e6 4. Nc3 exd5 5. cxd5 d6 6. e4 g6 7. f4 Bg7 8. Bb5+ Nfd7 9. Be2 Na6 10. Nf3 Nc7 11. O-O O-O 12. a4 b6 13. f5 Ba6 14. Bf4 Qe7 15. Bxa6 Nxa6 16. Qe2 Nb4 17. Rae1 gxf5 18. exf5 Qxe2 19. Rxe2 Bxc3 20. bxc3 Nxd5 21. Bxd6 Rfe8 22. Rd2 Ne3 23. Rff2 Nc4 24. Rd3 Nxd6 25. Rxd6 Ne5 26. Nxe5 Rxe5 27. Rf4 Rae8 28. h3 Re4 29. Rf3 Rxa4 30. f6 h5 31. Rg3+ Kf8 32. Rg7 Rf4 33. Rh7 Kg8 34. Rxh5 Re1+ 35. Kh2 Re8 36. Rh6 c4 37. Rd5 1-0


[Site "https://www.chess.com"]

[Event "Titled Tuesday Blitz April 19 Early 2022"]
[White "Zhurikhin, Alexander"]
[Black "Kamsky, Gata"]
[WhiteFideId "4139569"]
[BlackFideId "2000024"]
[WhiteElo "2204"]
[BlackElo "2645"]
[Result "0-1"]
[Round "06"]
[TimeControl "180+1"]
[Date "2022.04.19"]
[WhiteClock "0:00:10"]
[BlackClock "0:00:21"]

1. e4 e5 2. Nf3 Nc6 3. d4 exd4 4. Nxd4 Bc5 5. Nb3 Bb6 6. Qe2 Nge7 7. Nc3 O-O 8. Be3 f5 9. O-O-O f4 10. Bxb6 axb6 11. Kb1 d6 12. f3 Ne5 13. Nd4 c6 14. a3 b5 15. g4 Qb6 16. Nb3 Qe3 17. Bg2 Qxe2 18. Nxe2 Bxg4 19. Rhf1 Be6 20. Rxd6 Bc4 21. Nbc1 Rad8 22. Rfd1 Rxd6 23. Rxd6 g5 24. b3 Bf7 25. Nd4 Nc8 26. Rf6 Nd7 27. Rf5 h6 28. Bh3 Nd6 29. Rxf7 Rxf7 30. Be6 Ne5 31. Nd3 Ng6 32. e5 Ne8 33. Nf5 Kf8 34. Bxf7 Kxf7 35. Nxh6+ Ke6 36. Ng4 Nh4 37. Nc5+ Kf5 38. e6 Nxf3 39. Nh6+ Ke5 40. e7 Kd6 41. Nxb7+ Kxe7 42. a4 bxa4 43. bxa4 Nxh2 44. a5 f3 45. Nc5 f2 46. Nf5+ Kf6 47. Ng3 f1=Q+ 48. Nxf1 Nxf1 49. a6 Nc7 50. a7 g4 51. Kc1 g3 52. Ne4+ Ke5 53. Nxg3 Nxg3 54. Kd2 Nf5 55. Kd3 Kd6 56. Kc4 Ne7 0-1


[Site "https://www.chess.com"]

[Event "Titled Tuesday Blitz April 19 Early 2022"]
[White "Zia, Tahsin Tajwar"]
[Black "Nazari, Arad"]
[WhiteFideId "10211888"]
[BlackFideId "12577324"]
[WhiteElo "1800"]
[BlackElo "2129"]
[Result "0-1"]
[Round "06"]
[TimeControl "180+1"]
[Date "2022.04.19"]
[WhiteClock "0:01:20"]
[BlackClock "0:01:58"]

1. d4 Nf6 2. c4 g6 3. g3 c6 4. Bg2 d5 5. Nf3 Bg7 6. O-O O-O 7. a4 Bf5 8. b3 a5 9. Nc3 Ne4 10. Bb2 Nxc3 11. Bxc3 Be4 12. e3 Nd7 13. Bh3 e6 14. Ne1 g5 15. f3 Bg6 16. Bg2 dxc4 17. bxc4 c5 18. Qb3 Qb6 19. Qb5 cxd4 20. exd4 Bxd4+ 21. Bxd4 Qxd4+ 22. Kh1 Qxa1 23. Qxd7 Rad8 24. Qxb7 Rd1 25. h4 Rxe1 26. Rxe1 Qxe1+ 27. Kh2 gxh4 28. g4 Qg3+ 0-1


[Site "https://www.chess.com"]

[Event "Titled Tuesday Blitz April 19 Early 2022"]
[White "Zor, Alber Kadir"]
[Black "Al-Tarboush, Ward"]
[WhiteFideId "6353169"]
[BlackFideId "7601450"]
[WhiteElo "1966"]
[BlackElo "2276"]
[Result "1-0"]
[Round "06"]
[TimeControl "180+1"]
[Date "2022.04.19"]
[WhiteClock "0:00:59"]
[BlackClock "0:01:57"]

1. e4 b6 2. d4 Bb7 3. Nc3 e6 4. Bd3 Bb4 5. Ne2 d5 6. e5 Be7 7. O-O c5 8. Nf4 Nc6 9. Bb5 cxd4 10. Nce2 Bc5 11. Nh5 Kf8 12. Nhg3 Nge7 13. Re1 a6 14. Bxc6 Nxc6 15. Nh5 Qh4 16. Nef4 g6 17. g3 Qe7 18. Nf6 Nxe5 19. N4xd5 exd5 20. Bh6# 1-0


[Site "https://www.chess.com"]

[Event "Titled Tuesday Blitz April 19 Early 2022"]
[White "parintele_chess"]
[Black "Harish, Neeraj"]
[BlackFideId "30958130"]
[WhiteElo "2229"]
[BlackElo "1574"]
[Result "0-1"]
[Round "06"]
[TimeControl "180+1"]
[Date "2022.04.19"]
[WhiteClock "0:00:41"]
[BlackClock "0:00:09"]

1. d4 Nf6 2. Bf4 g6 3. Nc3 d5 4. e3 c6 5. Bd3 Bg7 6. h4 h5 7. f3 O-O 8. g4 hxg4 9. h5 gxh5 10. fxg4 Bxg4 11. Qd2 Nbd7 12. Qg2 e5 13. dxe5 Ne8 14. Nf3 f6 15. e6 Ne5 16. Nxe5 fxe5 17. Rxh5 Bxh5 18. Bh6 Qf6 19. Bg5 Qxe6 20. Kd2 Qg4 21. Qxg4 Bxg4 22. Rh1 e4 23. Nxe4 dxe4 24. Bc4+ Rf7 25. Rh4 Bf3 26. Rf4 Nd6 27. Bb3 Rd8 28. Ke1 Rf8 29. Be7 b5 30. Bxf8 Kxf8 31. Bxf7 Nxf7 32. Rf5 Bxb2 33. Rc5 Bc3+ 34. Rxc3 Ne5 35. Rc5 Nc4 36. Rxc6 Nxe3 37. Rc8+ Ke7 38. Rc7+ Kd6 39. Rxa7 Nxc2+ 40. Kf2 Nb4 41. a3 Nd3+ 42. Ke3 Kc5 43. Rc7+ Kb6 44. Re7 b4 45. axb4 Nxb4 46. Kd4 Nc6+ 0-1


[Site "https://www.chess.com"]

[Event "Titled Tuesday Blitz April 19 Early 2022"]
[White "Aakanksha Hagawane"]
[Black "Dahlgren, James Allen"]
[WhiteFideId "25014510"]
[BlackFideId "22256873"]
[WhiteElo "1971"]
[BlackElo "2102"]
[Result "1-0"]
[Round "07"]
[TimeControl "180+1"]
[Date "2022.04.19"]
[WhiteClock "0:01:16"]
[BlackClock "0:00:11"]

1. e4 e6 2. d4 c5 3. Nf3 c4 4. Bxc4 d5 5. exd5 exd5 6. Bb5+ Nc6 7. O-O Nf6 8. Re1+ Be7 9. Qe2 Be6 10. Ng5 O-O 11. Nxe6 fxe6 12. Qxe6+ Rf7 13. Bxc6 bxc6 14. Qxc6 Rc8 15. Qe6 Rxc2 16. Nc3 Kf8 17. Re2 Rxe2 18. Qxe2 Bb4 19. Bg5 Bxc3 20. bxc3 Qc7 21. Bxf6 Rxf6 22. Re1 Qd7 23. Qh5 h6 24. Re5 Qb5 25. h3 Qb1+ 26. Kh2 g6 27. Qxh6+ 1-0


[Site "https://www.chess.com"]

[Event "Titled Tuesday Blitz April 19 Early 2022"]
[White "Abdrlauf, Elham"]
[Black "Krishna, C R G"]
[WhiteFideId "1533533"]
[BlackFideId "5018625"]
[WhiteElo "2334"]
[BlackElo "2332"]
[Result "0-1"]
[Round "07"]
[TimeControl "180+1"]
[Date "2022.04.19"]
[WhiteClock "0:00:04"]
[BlackClock "0:00:30"]

1. e4 e6 2. d4 d5 3. Nc3 Bb4 4. Bd3 dxe4 5. Bxe4 Nf6 6. Bf3 O-O 7. Ne2 c5 8. O-O Nc6 9. a3 Bxc3 10. bxc3 cxd4 11. cxd4 Bd7 12. Rb1 b6 13. c4 Rc8 14. c5 Na5 15. Be3 Nc4 16. Qd3 Nxe3 17. Qxe3 bxc5 18. dxc5 Qa5 19. Rfc1 Nd5 20. Bxd5 exd5 21. Qc3 Qxc3 22. Rxc3 Bf5 23. Rbc1 Rfe8 24. Nd4 Bg6 25. f3 a6 26. c6 Kf8 27. c7 Re7 28. Rc6 Ke8 29. Kf2 h6 30. a4 Bd3 31. a5 g6 32. R1c5 Bc4 33. Kg3 Kd7 34. Nc2 Re6 35. Rxe6 fxe6 36. Nd4 e5 37. Nc6 Kd6 38. Ne7 Kxe7 39. Rc6 Kd7 40. Rxg6 Rxc7 41. Rxh6 d4 42. Kf2 Bb5 43. Rh7+ Kd6 44. Rh6+ Kd5 45. Rh8 Rc2+ 46. Kg3 Bf1 47. f4 Rxg2+ 48. Kf3 e4# 0-1


[Site "https://www.chess.com"]

[Event "Titled Tuesday Blitz April 19 Early 2022"]
[White "Ajay Krishna, S"]
[Black "Cunha, Lucas Aguiar"]
[WhiteFideId "5096430"]
[BlackFideId "2125404"]
[WhiteElo "2247"]
[BlackElo "2361"]
[Result "1-0"]
[Round "07"]
[TimeControl "180+1"]
[Date "2022.04.19"]
[WhiteClock "0:00:47"]
[BlackClock "0:00:01"]

1. d4 Nf6 2. c4 e6 3. Nf3 b6 4. g3 Ba6 5. b3 b5 6. cxb5 Bxb5 7. Bg2 Bb4+ 8. Bd2 a5 9. O-O O-O 10. a3 Be7 11. Re1 d5 12. Nc3 Ba6 13. Ne5 Nfd7 14. Nd3 Bxd3 15. exd3 Bf6 16. Qg4 Nc6 17. Nb5 Rb8 18. a4 Nb4 19. Bxb4 axb4 20. Rac1 Rb7 21. Rc2 c5 22. dxc5 Nxc5 23. Rxc5 Qb6 24. Rc2 g6 25. Rec1 Ra8 26. Qf4 Kg7 27. Rc6 Qd8 28. h4 h5 29. Rc7 Rb6 30. Qd2 Rab8 31. Qxb4 Be5 32. R7c6 R6b7 33. d4 Bf6 34. Qd6 Rd7 35. Qf4 1-0


[Site "https://www.chess.com"]

[Event "Titled Tuesday Blitz April 19 Early 2022"]
[White "Alimpic, Aleksa"]
[Black "Nugumanov, Bakhtiyar"]
[WhiteFideId "974323"]
[BlackFideId "13701797"]
[WhiteElo "2169"]
[BlackElo "2262"]
[Result "0-1"]
[Round "07"]
[TimeControl "180+1"]
[Date "2022.04.19"]
[WhiteClock "0:00:03"]
[BlackClock "0:00:27"]

1. Nf3 d5 2. g3 g6 3. c4 c6 4. Bg2 Bg7 5. O-O Nf6 6. b3 Ne4 7. d4 dxc4 8. bxc4 c5 9. e3 Nc6 10. Bb2 Bg4 11. h3 Bxf3 12. Bxf3 Ng5 13. Bg2 cxd4 14. Qa4 O-O 15. Rd1 Qc8 16. exd4 Nxh3+ 17. Kf1 Qf5 18. Bxh3 Qxh3+ 19. Kg1 Rad8 20. Na3 Bxd4 21. Bxd4 Nxd4 22. Rd3 Ne2# 0-1


[Site "https://www.chess.com"]

[Event "Titled Tuesday Blitz April 19 Early 2022"]
[White "Al-Tarboush, Ward"]
[Black "Qashashvili, Alexandre"]
[WhiteFideId "7601450"]
[BlackFideId "13600842"]
[WhiteElo "2276"]
[BlackElo "2316"]
[Result "1-0"]
[Round "07"]
[TimeControl "180+1"]
[Date "2022.04.19"]
[WhiteClock "0:01:09"]
[BlackClock "0:00:14"]

1. e4 c6 2. Nf3 d5 3. Nc3 dxe4 4. Nxe4 Nd7 5. Qe2 Ndf6 6. d4 Nxe4 7. Qxe4 Nf6 8. Qh4 Bf5 9. c3 e6 10. Be2 Ne4 11. O-O Qxh4 12. Nxh4 Bg6 13. Bf4 Bd6 14. Nxg6 hxg6 15. Bxd6 Nxd6 16. f4 O-O-O 17. a4 Rh6 18. a5 a6 19. Bf3 Rdh8 20. h3 Nf5 21. b4 Rh4 22. Bd1 Ne3 23. Rf3 Nd5 24. c4 Nxf4 25. b5 cxb5 26. cxb5 Nd5 27. bxa6 bxa6 28. Be2 Rf4 29. Bxa6+ Kc7 30. Rb3 Rxd4 31. Rb7+ Kd6 32. Rxf7 Rb8 33. Rxg7 Nf4 34. Bf1 Rb2 35. a6 Rdd2 36. a7 Ra2 37. a8=Q Rxa8 38. Rxa8 Ke5 39. Rf7 g5 40. Ra5+ Kd6 41. Rxg5 Ne2+ 42. Bxe2 Rxe2 43. h4 Re1+ 44. Kh2 Ra1 45. h5 Ra7 46. Rxa7 1-0


[Site "https://www.chess.com"]

[Event "Titled Tuesday Blitz April 19 Early 2022"]
[White "Antonio, Jorge Carlos"]
[Black "Petrova, Irina"]
[WhiteFideId "113190"]
[BlackFideId "14124122"]
[WhiteElo "2247"]
[BlackElo "1993"]
[Result "1-0"]
[Round "07"]
[TimeControl "180+1"]
[Date "2022.04.19"]
[WhiteClock "0:01:41"]
[BlackClock "0:01:30"]

1. d4 d6 2. e4 Nf6 3. Bd3 e5 4. d5 Be7 5. c4 c6 6. Nc3 h6 7. Nge2 cxd5 8. exd5 a5 9. O-O Na6 10. Ng3 Nc5 11. Bc2 O-O 12. Re1 Nh7 13. Be3 f5 14. Bxc5 dxc5 15. Rxe5 Bd6 16. Rxf5 Bxf5 17. Nxf5 Nf6 18. Nb5 Be5 19. Qd3 Bxb2 20. Rd1 a4 21. Qg3 Kh8 22. Qxg7# 1-0


[Site "https://www.chess.com"]

[Event "Titled Tuesday Blitz April 19 Early 2022"]
[White "Aradhya, Garg"]
[Black "Sarana, Alexey"]
[WhiteFideId "25006746"]
[BlackFideId "24133795"]
[WhiteElo "2169"]
[BlackElo "2666"]
[Result "0-1"]
[Round "07"]
[TimeControl "180+1"]
[Date "2022.04.19"]
[WhiteClock "0:00:02"]
[BlackClock "0:00:31"]

1. d4 Nf6 2. c4 e6 3. Nf3 d5 4. Nc3 Nbd7 5. cxd5 exd5 6. Bf4 c6 7. e3 Nh5 8. Bg5 Be7 9. Bxe7 Qxe7 10. Qc2 Nb6 11. O-O-O Be6 12. Ne5 O-O-O 13. Kb1 Kb8 14. f4 f6 15. Nf3 g6 16. Bd3 Rhe8 17. Rde1 Qf7 18. Rhf1 Ng7 19. h3 Nf5 20. g4 Nd6 21. a4 a5 22. Nd2 Qc7 23. Ka1 Bc8 24. Re2 Re7 25. Rfe1 Rde8 26. b3 Nd7 27. Kb2 Qb6 28. Ka2 Qb4 29. Nf3 Nb6 30. Nd1 Ne4 31. Bxe4 Rxe4 32. Nf2 R4e7 33. Qc5 Qxc5 34. dxc5 Nd7 35. Nd3 b6 36. cxb6 Ba6 37. Nd4 Bxd3 38. Nxc6+ Kb7 39. Nxe7 Bxe2 40. Nxd5 Bf3 41. Nc7 Re7 42. Nb5 Kxb6 43. Kb2 Bc6 44. Nd4 Nc5 45. Kc3 Bd5 46. Kc2 Rc7 47. Kb1 Nxb3 48. Nxb3 Bxb3 49. Re2 Bxa4 50. Rb2+ Bb5 51. Rd2 Rc3 52. Rd6+ Rc6 53. Rd8 Re6 54. Rf8 Kc5 55. Rf7 Kb4 56. f5 gxf5 57. gxf5 Rxe3 58. Rxf6 a4 59. Rb6 a3 60. f6 Rf3 61. h4 Rf2 62. h5 a2+ 63. Ka1 Ka3 64. Rxb5 Rf1+ 65. Rb1 axb1=Q# 0-1


[Site "https://www.chess.com"]

[Event "Titled Tuesday Blitz April 19 Early 2022"]
[White "Araujo Filho, Luiz Antonio Coel"]
[Black "Agasarov, Benik"]
[WhiteFideId "2130661"]
[BlackFideId "13314823"]
[WhiteElo "2313"]
[BlackElo "2495"]
[Result "1-0"]
[Round "07"]
[TimeControl "180+1"]
[Date "2022.04.19"]
[WhiteClock "0:00:05"]
[BlackClock "0:00:08"]

1. d4 d5 2. Nf3 Nf6 3. e3 e6 4. Bd3 c5 5. c3 Bd6 6. Nbd2 Nc6 7. Qe2 O-O 8. dxc5 Bxc5 9. e4 Ng4 10. O-O d4 11. e5 dxc3 12. bxc3 Qc7 13. Qe4 f5 14. exf6 Nxf6 15. Qh4 Be7 16. Ne4 h6 17. Bxh6 gxh6 18. Qxh6 Nxe4 19. Qg6+ Kh8 20. Qh6+ Kg8 21. Qg6+ Kh8 22. Bxe4 Bf6 23. Ng5 Bxg5 24. Qh5+ Kg8 25. Qxg5+ Qg7 26. Qe3 Bd7 27. Rab1 Be8 28. Rb5 Rf6 29. Rg5 Bg6 30. h4 Qh6 31. h5 Kh8 32. Bxg6 Ne7 33. Qe5 Rf8 34. Rg3 Nc6 35. Qc7 Qg7 36. Qxg7+ Kxg7 37. Rb1 Rb8 38. Be4+ Kh6 39. Bxc6 e5 40. Bf3 b6 41. Re1 Re8 42. Rg6+ Rxg6 43. hxg6 Kxg6 44. Bd5 Kf6 45. c4 Rd8 46. g3 b5 47. Kg2 bxc4 48. Bxc4 Rd4 49. Bb3 a5 50. Rd1 Rb4 51. Rd6+ Kf5 52. Ra6 Rb5 53. Kf3 Rc5 54. Kg2 e4 55. Kh3 Ke5 56. Kg4 Kd4 57. Kf4 Kd3 58. Rd6+ Ke2 59. Kxe4 Kxf2 60. g4 a4 61. Bxa4 Rc4+ 62. Rd4 Rc5 63. Bb3 Rg5 64. Kf4 Rg7 65. g5 Ke2 66. Kf5 Ke3 67. Rd5 Kf3 68. g6 Ra7 69. Kf6 Ra6+ 70. Kf7 Ra7+ 71. Ke6 Ra6+ 72. Rd6 Ra7 73. Kf6 Kf4 74. g7 Ra8 75. g8=Q Rxg8 76. Bxg8 Kg4 77. Re6 Kh5 78. Re5+ Kh6 79. Be6 Kh7 80. Rg5 Kh6 81. a4 Kh7 82. a5 Kh6 83. a6 Kh7 84. a7 Kh6 85. a8=Q Kh7 86. Qh1# 1-0


[Site "https://www.chess.com"]

[Event "Titled Tuesday Blitz April 19 Early 2022"]
[White "Atakhan, Abtin"]
[Black "Sanchez Alvares, Kelvin Antonio"]
[WhiteFideId "22502203"]
[BlackFideId "3906680"]
[WhiteElo "2094"]
[BlackElo "2193"]
[Result "0-1"]
[Round "07"]
[TimeControl "180+1"]
[Date "2022.04.19"]
[WhiteClock "0:00:01"]
[BlackClock "0:00:44"]

1. c4 Nf6 2. g3 c6 3. Bg2 d5 4. Nf3 Nbd7 5. cxd5 cxd5 6. d3 e5 7. Bg5 Qa5+ 8. Qd2 Bb4 9. Nc3 d4 10. Rc1 dxc3 11. bxc3 Ba3 12. Rb1 Nd5 13. Rb3 Be7 14. Bxe7 Nxe7 15. O-O O-O 16. Rfb1 Nc6 17. Ne1 Qc7 18. Nc2 b6 19. Nb4 Bb7 20. Nd5 Qd8 21. c4 Nc5 22. R3b2 Rc8 23. e3 Ne6 24. Qe2 Ba8 25. Rb5 Ne7 26. Nxe7+ Qxe7 27. Bxa8 Rxa8 28. Rxe5 Rfd8 29. a4 Rac8 30. a5 Qc7 31. Reb5 bxa5 32. Rb7 Qc5 33. R1b5 Qa3 34. Rb3 Qa1+ 35. Kg2 Nc5 36. Rb1 Qa3 37. Rxa7 Qxd3 38. Qf3 Qe4 39. Rb5 Qxf3+ 40. Kxf3 Ne6 41. Raxa5 Rxc4 42. h4 h6 43. Rb7 Rc2 44. Kg4 Rxf2 45. h5 Ng5 46. Raa7 f5+ 0-1


[Site "https://www.chess.com"]

[Event "Titled Tuesday Blitz April 19 Early 2022"]
[White "Avramidou, Anastasia"]
[Black "Yanayt, Eugene"]
[WhiteFideId "4239873"]
[BlackFideId "2020165"]
[WhiteElo "2183"]
[BlackElo "2046"]
[Result "0-1"]
[Round "07"]
[TimeControl "180+1"]
[Date "2022.04.19"]
[WhiteClock "0:00:06"]
[BlackClock "0:00:21"]

1. Nf3 g6 2. e3 Bg7 3. d4 Nf6 4. c4 O-O 5. Nc3 c5 6. Be2 Nc6 7. d5 Na5 8. Qc2 e6 9. e4 exd5 10. cxd5 d6 11. Nd2 Re8 12. O-O a6 13. a4 Ng4 14. Bxg4 Bxg4 15. f3 Bd7 16. Nb3 Nc4 17. Bf4 b5 18. axb5 axb5 19. Rxa8 Qxa8 20. Nd2 Nxb2 21. Qxb2 b4 22. Ndb1 bxc3 23. Nxc3 Rb8 24. Qc2 Qa3 25. Nd1 Ba4 26. Qd2 Bd4+ 27. Kh1 Rb3 28. Bxd6 Rd3 29. Qe2 Bb5 30. Qe1 Qa2 31. Bg3 Ba4 32. d6 Rxd1 33. Qxd1 Bxd1 34. Rxd1 Qa4 35. Rc1 c4 36. e5 c3 37. h3 c2 38. Kh2 Be3 39. d7 Qxd7 40. Rxc2 Qd3 41. Rc8+ Kg7 42. Rc7 Bb6 43. Rc6 Qb5 44. Rc3 Bd4 45. Rc2 Bxe5 46. f4 Qd3 47. Rf2 Bd4 48. Rf3 Qd1 49. h4 Qg1+ 50. Kh3 Qh1+ 51. Kg4 h5+ 52. Kg5 Bf6# 0-1


[Site "https://www.chess.com"]